 Dungeon Crawl Stone Soup version 0.30-a0-354-g6b83867211 (webtiles) character file.

Game seed: 9077435891243290941

558 PimpSugar the Magician (level 7, -4/49 HPs)
             Began as a Demonspawn Hedge Wizard on Nov 7, 2022.
             Was an Initiate of Vehumet.
             Slain by a gnoll
             ... wielding a +0 spear
             ... led by a gnoll bouda
              (6 damage)
             ... on level 5 of the Dungeon.
             The game lasted 00:17:17 (4703 turns).

PimpSugar the Magician (Demonspawn Hedge Wizard)    Turns: 4703, Time: 00:17:17

Health: -4/49      AC: 12    Str: 13    XL:     7   Next: 9%
Magic:  4/13       EV:  9    Int: 26    God:    Vehumet [......]
Gold:   247        SH:  0    Dex:  8    Spells: 8/14 levels left

rFire   + . .      SeeInvis .    k - staff of fire
rCold   . . .      Faith    .    (no shield)
rNeg    . . .      Spirit   .    n - +4 scale mail of Death's Door {Str+2 Int+9 Dex-4}
rPois   .          Reflect  .    c - +0 hat
rElec   .          Harm     .    (no cloak)
rCorr   .          Rampage  .    (no gloves)
Will    .....                    (no boots)
Stlth   ..........               (no amulet)
HPRegen 0.28/turn                (no ring)
MPRegen 0.13/turn                (no ring)

@: weakened, on berserk cooldown, hasted and slowed
A: antennae 1, yellow scales 1, ignite blood 1, powered by death 1
a: Renounce Religion


You were on level 5 of the Dungeon.
You worshipped Vehumet.
Vehumet was noncommittal.
You visited 2 branches of the dungeon, and saw 6 of its levels.

You collected 247 gold pieces.

Inventory:

Hand Weapons
 a - a +0 dagger
 i - a +0 sling
 y - a +1 halberd of freezing
Missiles
 j - 17 stones
 l - 7 poisoned darts (quivered)
 z - a throwing net
Armour
 b - a +0 robe
 c - a +0 hat (worn)
 f - a +0 leather armour
 n - the +4 scale mail of Death's Door (worn) {Str+2 Int+9 Dex-4}
   (You found it on level 4 of the Dungeon)

   Str:       It affects your strength (+2).
   Int:       It affects your intelligence (+9).
   Dex:       It affects your dexterity (-4).
Magical Staves
 k - a staff of fire (weapon)
Wands
 d - a wand of roots (1)
Scrolls
 m - a scroll of amnesia {unknown}
 o - a scroll of enchant armour {unknown}
 p - a scroll of fear {unknown}
 s - a scroll of magic mapping {unknown}
 t - 2 scrolls of enchant weapon {unknown}
 u - 2 scrolls of blinking {unknown}
 x - 2 scrolls of teleportation
Potions
 g - a potion of cancellation {unknown}
 h - 2 potions of mutation
 q - a potion of haste
 r - 3 potions of flight
 v - a potion of heal wounds {unknown}
 w - a potion of berserk rage


   Skills:
 + Level 1.7 Fighting
 + Level 1.1 Staves
 + Level 0.3 Armour
 + Level 2.5 Dodging
 + Level 2.7 Stealth
 * Level 4.0 Spellcasting
 * Level 3.3 Conjurations
 + Level 2.0 Summonings
 + Level 2.1 Translocations
 + Level 1.2 Fire Magic
 * Level 1.3 Air Magic
 + Level 1.2 Evocations


You had 8 spell levels left.
You knew the following spells:

 Your Spells              Type           Power      Damage    Failure   Level
a - Magic Dart            Conj           88%        1d7       11%         1
b - Call Imp              Summ           16%        N/A       26%         2
c - Shock                 Conj/Air       68%        1d7       16%         1
d - Searing Ray           Conj           44%        2d6       16%         2

Your spell library contained the following spells:

 Spells                   Type           Power      Damage    Failure   Level
 Blink                    Tloc           32%        N/A       26%         2
 Slow                     Hex            20%        N/A       38%         1
 Cigotuvi's Dreadful Rot  Necr/Pois/Air  14%        N/A       47%         2
 Mephitic Cloud           Conj/Pois/Air  13%        N/A       54%         3
 Vhi's Electric Charge    Tloc/Air       28%        N/A       54%         3
 Swiftness                Air            12%        N/A       58%         3
 Fulminant Prism          Conj/Hex       7%         3d7       91%         4
 Airstrike                Air            6%         2d(1-17)  94%         4
 Arcjolt                  Conj/Air       8%         1d18      99%         5
 Maxwell's Capacitive Co  Air            6%         ∞         100%        8


Dungeon Overview and Level Annotations

Branches:
Dungeon (5/15)             Temple (1/1) D:4

Altars:
Ashenzari
Cheibriados
Dithmenos
Fedhas
Gozag
Hepliaklqana
Kikubaaqudgha
Makhleb
Nemelex Xobeh
Okawaru
Qazlal
Sif Muna
Vehumet
Wu Jian
Xom
Yredelemnul


Innate Abilities, Weirdness & Mutations

You have a pair of small antennae on your head.
You are partially covered in yellow scales. (AC +2)
Your demonic aura sometimes causes spilled blood to erupt in flames.
You regenerate a little health from kills.


Message History

You closely miss the orc.
The orc is severely wounded.
The orc hits you but does no damage.
You completely miss the orc.
An orc wizard appears from thin air!
Reactivating autopickup.
You hit the orc!
You kill the orc!
Vehumet accepts your kill. The orc completely misses you.
You hit the orc!
The orc is almost dead.
The gnoll hits you from afar with a +0 spear.
* * * LOW HITPOINT WARNING * * *
The gnoll bouda gazes fiercely through you!
You feel your attacks grow feeble. The orc misses you.
The orc wizard closely misses you.
The phantom hits you but does no damage.
You hit the orc wizard.
The orc wizard is heavily wounded.
You are no longer berserk.
You are exhausted.
You feel yourself slow down. The gnoll barely misses you.
The orc hits you but does no damage.
The orc wizard gestures at you while chanting.
You resist with some effort. The phantom hits you.
* * * LOW HITPOINT WARNING * * *
You hit the orc.
You kill the orc!
Vehumet accepts your kill.
Your shadow imp hits the phantom.
The gnoll hits you from afar with a +0 spear.
* * * LOW HITPOINT WARNING * * *
The orc wizard barely misses you. The phantom hits you.
* * * LOW HITPOINT WARNING * * *
The phantom blinks!
You blink.
It was a potion of haste.
You feel yourself speed up. The gnoll misses you.
The phantom barely misses you.
Your shadow imp closely misses the phantom.
The gnoll hits you from afar with a +0 spear.
You die...

.. ### .# #####.# ###
.# .# #####...#.###.#
.## #..
#..#..........##..#
##..
#.)g..#..#........#
.....##o##5#####...#..#
........§g## #..##...#
.......@5.# ####go##<.#
........W.# #g.....####
..........)..o#.o.###
.....#.......##.....#
..............##...).#
...............#....##
..............####..#
##....:........ ....
.... ....#


You could see a phantom (ally target), a gnoll bouda, an orc wizard, a gnoll
(swift), a shadow imp and a friendly shadow imp (summoned).

Vanquished Creatures
  A centaur (D:5)
  Blork the orc (D:4)
  A scorpion (D:4)
  An orc priest (D:3)
  6 gnolls
  7 adders
  An ufetubus (D:4)
  2 dart slugs
  7 orcs
  2 ball pythons
  3 endoplasms
  A giant cockroach (D:4)
  2 goblins (D:4)
  6 jackals
  A quokka (D:4)
  2 bats (D:1)
  3 rats
47 creatures vanquished.

Vanquished Creatures (collateral kills)
  A scorpion (D:4)
  A howler monkey (D:4)
  A hound (D:4)
  An adder (D:4)
  A worm (D:2)
  5 orcs
  A goblin (D:3)
11 creatures vanquished.

Vanquished Creatures (others)
  A minotaur (D:1)
  2 draconians (D:1)
  A gargoyle (D:1)
  A vine stalker (D:1)
  An elf (D:1)
  A vampire (D:1)
  A human (D:1)
  A naga (D:1)
  A dwarf (D:1)
  A tengu (D:1)
  A mummy (D:1)
  3 orcs (D:1)
  4 tentacles (D:1)
19 creatures vanquished.

Grand Total: 77 creatures vanquished

Notes
Turn   | Place    | Note
-------+----------+-------------------------------------------
     0 | D:1      | PimpSugar the Demonspawn Hedge Wizard began the quest for
                  | the Orb.
     0 | D:1      | Reached XP level 1. HP: 13/13 MP: 4/4
     2 | D:1      | Noticed a draconian
     2 | D:1      | Noticed a minotaur
     2 | D:1      | Noticed a naga
     2 | D:1      | Noticed a vampire
     2 | D:1      | Noticed a human
     2 | D:1      | Noticed a draconian
     2 | D:1      | Noticed a kraken
     2 | D:1      | Noticed a vine stalker
     2 | D:1      | Noticed a gargoyle
     2 | D:1      | Noticed a tengu
     2 | D:1      | Noticed an elf
     2 | D:1      | Noticed a dwarf
     5 | D:1      | Killed a naga
     5 | D:1      | Killed a draconian
     8 | D:1      | Killed a minotaur
     9 | D:1      | Killed a gargoyle
    10 | D:1      | Killed an elf
    11 | D:1      | Killed a tengu
    11 | D:1      | Killed a vampire
    12 | D:1      | Killed a vine stalker
    13 | D:1      | Killed a human
    14 | D:1      | Killed a dwarf
    16 | D:1      | Killed a draconian
   162 | D:1      | Reached skill level 1 in Translocations
   466 | D:1      | Found a faded altar of an unknown god.
   863 | D:2      | Gained mutation: You regenerate a little health from kills.
                  | [demonic ancestry]
   863 | D:2      | Reached XP level 2. HP: 17/19 MP: 0/6
   962 | D:2      | Gained mutation: You are partially covered in yellow
                  | scales. (AC +2) [demonic ancestry]
   962 | D:2      | Reached XP level 3. HP: 16/25 MP: 1/7
  1042 | D:2      | Learned a level 2 spell: Call Imp
  2076 | D:3      | Found a shimmering altar of Xom.
  2127 | D:3      | Reached skill level 1 in Fighting
  2127 | D:3      | Gained mutation: Your demonic aura sometimes causes spilled
                  | blood to erupt in flames. [demonic ancestry]
  2127 | D:3      | Reached XP level 4. HP: 32/32 MP: 3/9
  2698 | D:3      | Learned a level 1 spell: Shock
  2939 | D:4      | Reached XP level 5. HP: 30/37 MP: 1/10
  2946 | D:4      | Identified the +4 scale mail of Death's Door {Str+2 Int+9
                  | Dex-4}
  2956 | D:4      | Reached skill level 1 in Fire Magic
  3439 | D:4      | Reached XP level 6. HP: 38/43 MP: 0/11
  3440 | D:4      | Noticed Blork the orc
  3471 | D:4      | Killed Blork the orc
  3472 | D:4      | Reached skill level 1 in Evocations
  3618 | D:4      | Found a staircase to the Ecumenical Temple.
  3643 | Temple   | Entered the Ecumenical Temple
  3777 | Temple   | Became a worshipper of Vehumet
  3824 | D:4      | Learned a level 2 spell: Searing Ray
  3970 | D:4      | Reached skill level 1 in Air Magic
  4598 | D:5      | Entered Level 5 of the Dungeon
  4682 | D:5      | Reached skill level 4 in Spellcasting
  4692 | D:5      | Reached skill level 1 in Staves
  4692 | D:5      | Gained mutation: You have a pair of small antennae on your
                  | head. [demonic ancestry]
  4692 | D:5      | Reached XP level 7. HP: 15/49 MP: 3/13
  4702 | D:5      | HP: 1/49 [phantom (3)]
  4703 | D:5      | Slain by a gnoll

Illustrated notes

Levels and vault maps discovered:
D:1:      nicolae_arrival_kraken_aquarium_b, layout_rooms, serial_curves,
          eino_curves_02, eino_curves_02, eino_curves_02, eino_curves_02,
          hellmonk_ecumenical_altar_zigzags
D:2:      layout_basic
D:3:      layout_basic, old_standard_altar, dk_noncrumbling_2
D:4:      layout_basic, minmay_temple_entry_slanted, uniq_blork_the_orc
D:5:      layout_cave_pools, uniq_crazy_yiuf_cottage, uniq_eustachio,
          uniq_pikel, uniq_duvessa
Temple:   mainiacjoe_temple_coin_purse

Skill      XL: |  1  2  3  4  5  6 |
---------------+-------------------+-----
Translocations | 1 2 |  2.1
Stealth        | 2 |  2.7
Dodging        | 2 |  2.5
Conjurations   | 2 3 |  3.3
Fighting       | 1 |  1.7
Fire Magic     | 1 |  1.2
Evocations     | 1 |  1.2
Summonings     | 2 |  2.0
Air Magic      | 1 |  1.3
Spellcasting   | 4 |  4.0
Staves         | 1 |  1.1
Armour         | |  0.3

Action                   |  1- 3 |  4- 6 |  7- 9 || total
-------------------------+-------+-------+-------++-------
Melee: Dagger            |    68 |       |       ||    68
       Staff             |     4 |    54 |     8 ||    66
Throw: Dart              |       |    10 |       ||    10
 Cast: Magic Dart        |    44 |    32 |       ||    76
       Call Imp          |     4 |     9 |       ||    13
       Shock             |       |    31 |       ||    31
       Searing Ray       |       |     4 |       ||     4
  Use: Scroll            |     2 |     3 |       ||     5
       Potion            |       |     5 |     1 ||     6
Armor: Leather armour    |    29 |     4 |       ||    33
       Scale mail        |       |    65 |     5 ||    70
Dodge: Dodged            |    64 |    65 |     8 ||   137

Table legend: (Time is in decaauts)
 A = Elapsed time spent in this place.
 B = Non-inter-level travel time spent in this place.
 C = Inter-level travel time spent in this place.
 D = Time resting spent in this place.
 E = Time spent auto-exploring this place.
 F = Levels seen in this place.
 G = Mean time per level.
                   A        B        C        D        E       F      G
               +--------+--------+--------+--------+--------+-----+--------+
         Total |   4709 |   4515 |    194 |    439 |   3343 |   6 |  784.8 |
       Dungeon |   4561 |   4392 |    169 |    439 |   3237 |   5 |  912.2 |
        Temple |    147 |    122 |     25 |      0 |    106 |   1 |  147.0 |
               +--------+--------+--------+--------+--------+-----+--------+

Top non-repeatable levels by time:
     D:4: 1521 daAuts
     D:2: 1261 daAuts
     D:3: 1005 daAuts
     D:1: 666 daAuts
  Temple: 147 daAuts
     D:5: 106 daAuts
